 Dungeon Sprint DCSS version 0.14-a0-445-g388476e (webtiles) character file.

24 Daniel the Ruffian (level 1, -1/16 HPs)
             Began as a Minotaur Transmuter on Oct 30, 2013.
             Was an Initiate of Cheibriados.
             Slain by a sky beast (6 damage)
             ... in the Dungeon (Sprint IX: "|||||||||||||||||||||||||||||").
             The game lasted 00:00:39 (64 turns).

Daniel the Ruffian (Minotaur Transmuter)              Turns: 64, Time: 00:00:40

HP  -1/16        AC  2     Str 15      XL: 1   Next: 50%
MP   1/1         EV 12     Int 11      God: Cheibriados [......]
Gold 20          SH  0     Dex 11      Spells:  1 memorised,  2 levels left

Res.Fire  : . . .   See Invis. : .     - Unarmed
Res.Cold  : . . .   Warding    : .   c - +0 robe
Life Prot.: . . .   Conserve   : .   (no shield)
Res.Poison: .       Res.Corr.  : .   (helmet restricted)
Res.Elec. : .       Clarity    : .   (no cloak)
Sust.Abil.: . .     Spirit.Shd : .   (no gloves)
Res.Mut.  : .       Prev.Telep.: +   (no boots)
Res.Rott. : .       Flight     : .   (no amulet)
Saprovore : . . .                    (no ring)
                                     (no ring)

@: very slightly contaminated, very slow, not resistant to hostile enchantments,
unstealthy
A: retaliatory headbutt, horns 2
a: Renounce Religion


You were in the Dungeon.
You worshipped Cheibriados.
Cheibriados was noncommittal.
You were not hungry.

You visited 1 branch

Inventory:

Missiles
 b - 12 arrows
Armour
 c - a +0 robe (worn)
Comestibles
 a - a bread ration
Potions
 g - a potion of speed
 h - 2 potions of magic
 i - a potion of berserk rage
Books
 d - a book of Changes

   Spells                             Type                      Level
   *Beastly Appendage                 Transmutation                1
   Sticks to Snakes                   Transmutation                2
   Spider Form                        Transmutation/Poison         3
   Ice Form                           Ice/Transmutation            4
   Blade Hands                        Transmutation                5


   Skills:
 + Level 1.7 Fighting
 + Level 2.2 Dodging
 * Level 3.8 Unarmed Combat
 + Level 1.5 Spellcasting
 * Level 2.2 Transmutations


You had 2 spell levels left.
You knew the following spells:

 Your Spells              Type           Power        Failure   Level  Hunger
a - Beastly Appendage     Trmt           #.....       14%         1    ##.....


Dungeon Overview and Level Annotations

Branches:
Dungeon (1/1)

Altars:
Ashenzari
Cheibriados
Fedhas
Makhleb
Nemelex Xobeh
Okawaru
Sif Muna
Trog
Vehumet
Xom
Yredelemnul
the Shining One


Innate Abilities, Weirdness & Mutations

You reflexively headbutt those who attack you in melee.
You have a pair of horns on your head.


Message History

The sky beast is lightly wounded.
The sky beast closely misses you. You furiously retaliate!
You headbutt the sky beast. You barely miss the sky beast.
The sky beast is moderately wounded.
You hit the sky beast but do no damage.
The sky beast is moderately wounded.
The jackal gazes forward, looking utterly alone.
The sky beast flickers out of sight!
Deactivating autopickup; reactivate with Ctrl-A.
It hits you. It shocks you!
* * * LOW HITPOINT WARNING * * *
Drink which item? (? for menu, Esc to quit)
You feel much better. It hits you but does no damage.
You closely miss it. You punch it. It hits you. It shocks you!
You miss it. You headbutt it. It hits you but does no damage.
You miss it. You headbutt it. You closely miss it. Your headbutt misses it.
It completely misses you.
You hit it. It hits you. It shocks you!
You die... ▒▒▒▒▒▒▒▒▒▒▒▒▒▒▒▒▒▒▒▒▒▒▒▒▒ ▄▄▄▄▄▄▄▄@▄hgzg'∙∙∙∙∙'∙∙∙∙ ▒▒▒▒▒▒▒▒▒▒▒▒▒▒▒▒▒▒▒▒▒▒▒▒▒

You could see a quokka zombie, a jackal and 2 goblins.

Vanquished Creatures
  A bat (D)
  A giant cockroach (D)
  3 rats (D)
5 creatures vanquished.

Vanquished Creatures (others)
  A spatial maelstrom (D)
1 creature vanquished.

Grand Total: 6 creatures vanquished

Notes
Turn   | Place    | Note
--------------------------------------------------------------
     0 | D        | Daniel, the Minotaur Transmuter, began the quest for the Orb.
     0 | D        | Reached XP level 1. HP: 16/16 MP: 1/1
    15 | D        | Banished a spatial maelstrom
    40 | D        | Noticed a sky beast
    45 | D        | Found a sparkling altar of Nemelex Xobeh.
    45 | D        | Found a snail-covered altar of Cheibriados.
    45 | D        | Found an iron altar of Okawaru.
    45 | D        | Found a shattered altar of Ashenzari.
    45 | D        | Found a bloodstained altar of Trog.
    45 | D        | Found a blossoming altar of Fedhas.
    45 | D        | Found a snail-covered altar of Cheibriados.
    46 | D        | Found a deep blue altar of Sif Muna.
    47 | D        | Found a burning altar of Makhleb.
    48 | D        | Found a shimmering altar of Xom.
    49 | D        | Found a radiant altar of Vehumet.
    50 | D        | Found a glowing golden altar of the Shining One.
    51 | D        | Found a blossoming altar of Fedhas.
    53 | D        | Found a basalt altar of Yredelemnul.
    54 | D        | Became a worshipper of Cheibriados the Contemplative
    64 | D        | Slain by a sky beast

Action                   || total
-------------------------++-------
Melee: Unarmed           ||    20
  Use: Potion            ||     2
       Scroll            ||     1
